 Dungeon Crawl Stone Soup version 0.24.0-123-gd5b16e6ec5 (webtiles) character file.

Game seed: 14726430080160813256, levelgen mode: deterministic

177450 Ponchio the Eclecticist (level 17, -23/96 HPs)
             Began as a Deep Elf Earth Elementalist on Feb 1, 2020.
             Was the Champion of Vehumet.
             Killed by the raging water
             ... invoked by a water nymph
              (37 damage)
             ... on level 3 of the Shoals.
             The game lasted 03:48:38 (39347 turns).

Ponchio the Eclecticist (DEEE)                     Turns: 39347, Time: 03:48:39

Health: -23/96     AC:  5    Str:  5    XL:     17   Next: 54%
Magic:  11/58      EV: 20    Int: 28    God:    Vehumet [******]
Gold:   1810       SH:  3    Dex: 17    Spells: 8/57 levels left

rFire    + + .     SeeInvis .   s - staff of power
rCold    + + .     Gourm    .   (no shield)
rNeg     . . .     Faith    .   k - +2 robe {rC+}
rPois    +         Spirit   .   (helmet restricted)
rElec    .         Reflect  +   t - scarf {rC+ rF+}
rCorr    .         Harm     .   (no gloves)
MR       ++...                  A - +0 pair of boots "Diemat" {rPois}
Stlth    +.........             I - +3 amulet of reflection
HPRegen  0.26/turn              y - ring of protection from fire
MPRegen  0.36/turn              Y - ring of protection from magic

@: very slightly contaminated, very slow
A: antennae 1, agile 1, wild magic 1
a: Renounce Religion


You were on level 3 of the Shoals.
You worshipped Vehumet.
Vehumet was exalted by your worship.
You were not hungry.

You visited 6 branches of the dungeon, and saw 29 of its levels.
You also visited: Bailey and Desolation.

You collected 3182 gold pieces.
You spent 1372 gold pieces at shops.

Inventory:

Missiles
 q - 340 stones (quivered)
Armour
 k - a +2 robe of cold resistance (worn)
 t - a scarf of resistance (worn)
 A - the +0 pair of boots "Diemat" (worn) {rPois}
   (You acquired it on level 14 of the Dungeon)

   It protects you from poison.
Magical Staves
 s - an uncursed staff of power (weapon)
 J - an uncursed staff of conjuration
 Q - an uncursed staff of wizardry
Jewellery
 h - an uncursed ring of see invisible
 y - a ring of protection from fire (left hand)
 C - an uncursed ring of protection from magic
 I - a +3 amulet of reflection (around neck)
 K - an uncursed ring of poison resistance
 M - an uncursed ring of resist corrosion
 O - an uncursed ring of protection from cold
 U - a +3 ring of intelligence
 Y - a ring of protection from magic (right hand)
Wands
 c - a wand of disintegration (12)
 r - a wand of flame (14)
 D - a wand of clouds (10)
 E - a wand of scattershot (4)
 G - a wand of acid (5)
 H - a wand of digging (10)
 P - a wand of iceblast (9)
 V - a wand of paralysis (35)
 W - a wand of random effects (46)
Scrolls
 a - 7 scrolls of amnesia
 b - 5 scrolls of vulnerability
 g - 6 scrolls of fear
 j - 8 scrolls of enchant armour
 p - 10 scrolls of identify
 v - 2 scrolls of fog
 x - a scroll of blinking
 z - 4 scrolls of magic mapping
 B - 7 scrolls of teleportation
 F - 13 scrolls of remove curse
 L - 4 scrolls of enchant weapon
 X - a scroll of brand weapon
Potions
 f - a potion of invisibility
 i - 6 potions of lignification
 l - 6 potions of might
 m - 3 potions of cancellation
 n - 13 potions of curing
 o - 2 potions of agility
 u - a potion of resistance
 w - 4 potions of flight
 N - 4 potions of haste
 R - 2 potions of brilliance {unknown}
 S - a potion of magic
Miscellaneous
 T - a phantom mirror
Comestibles
 d - 43 rations


   Skills:
 - Level 7.4 Fighting
 - Level 11.1 Dodging
 - Level 2.4 Stealth
 + Level 20.9 Spellcasting
 - Level 11.8 Conjurations
 - Level 1.1 Transmutations
 - Level 10.2 Fire Magic
 + Level 20.3 Earth Magic


You had 8 spell levels left.
You knew the following spells:

 Your Spells              Type           Power        Failure   Level  Hunger
a - Sandblast             Erth           ######       1%          1    None
b - Passwall              Tmut/Erth      #######.     1%          2    None
c - Stone Arrow           Conj/Erth      ######       1%          3    None
d - Petrify               Tmut/Erth      #######.     1%          4    None
e - Lee's Rapid Deconstr  Erth           ########..   1%          5    None
f - Iron Shot             Conj/Erth      ########..   1%          6    None
g - Fireball              Conj/Fire      #######...   1%          5    None
h - Shatter               Erth           ########..   11%         9    ######.
i - Freezing Cloud        Conj/Ice/Air   ######....   13%         6    None
j - Lehudib's Crystal Sp  Conj/Erth      ########..   4%          8    #####..

Your spell library contained the following spells:

 Spells                   Type           Power        Failure   Level  Hunger
 Chain Lightning          Conj/Air       ######....   88%         8    #####..
 Glaciate                 Conj/Ice       ######....   100%        9    ######.
 Beastly Appendage        Tmut           #####.       1%          1    None
 Magic Dart               Conj           ####         1%          1    None
 Shock                    Conj/Air       ####         1%          1    None
 Searing Ray              Conj           ######       1%          2    None
 Throw Flame              Conj/Fire      ######       1%          2    None
 Conjure Flame            Conj/Fire      #######.     1%          3    None
 Dazzling Spray           Conj/Hex       ######       1%          3    None
 Mephitic Cloud           Conj/Pois/Air  ######..     1%          3    None
 Static Discharge         Conj/Air       ######..     1%          3    None
 Force Lance              Conj/Tloc      ######..     1%          4    None
 Fulminant Prism          Conj/Hex       ######....   1%          4    None
 Iskenderun's Mystic Bla  Conj           #######.     1%          4    None
 Leda's Liquefaction      Hex/Erth       #######...   1%          4    None
 Throw Icicle             Conj/Ice       ######..     1%          4    None
 Bolt of Magma            Conj/Fire/Erth #######...   1%          5    None
 Iskenderun's Battlesphe  Conj/Chrm      ######..     1%          5    None
 Lightning Bolt           Conj/Air       ######....   1%          5    None
 Animate Skeleton         Necr           N/A          2%          1    None
 Apportation              Tloc           #####.       2%          1    None
 Confusing Touch          Hex            #####.       2%          1    None
 Summon Butterflies       Summ           #####...     2%          1    None
 Summon Small Mammal      Summ           ####         2%          1    None
 Sticks to Snakes         Tmut           #####...     2%          2    None
 Blink                    Tloc           N/A          3%          2    None
 Call Imp                 Summ           #####...     3%          2    None
 Slow                     Hex            #####...     3%          2    None
 Swiftness                Chrm/Air       #####...     3%          2    None
 Statue Form              Tmut/Erth      #######..    4%          6    None
 Spider Form              Tmut/Pois      #####.....   5%          3    None
 Airstrike                Air            #####.....   5%          4    None
 Call Canine Familiar     Summ           #####...     7%          3    None
 Spectral Weapon          Hex/Chrm       #####...     7%          3    None
 Conjure Ball Lightning   Conj/Air       ######....   7%          6    None
 Ice Form                 Ice/Tmut       #####...     16%         4    None
 Summon Ice Beast         Ice/Summ       #####...     19%         4    None
 Summon Lightning Spire   Summ/Air       #####...     19%         4    None
 Blade Hands              Tmut           #####.....   30%         5    None
 Excruciating Wounds      Chrm/Necr      #####.....   45%         5    None
 Metabolic Englaciation   Hex/Ice        #####.....   45%         5    None
 Silence                  Hex/Air        #####.....   45%         5    None
 Summon Mana Viper        Hex/Summ       #####...     45%         5    None
 Deflect Missiles         Chrm/Air       #####.....   94%         6    None
 Summon Hydra             Summ           #####.....   100%        7    ###....
 Tornado                  Air            #####.....   100%        9    ######.


Dungeon Overview and Level Annotations

Branches:
Dungeon (15/15)            Temple (1/1) D:5            Lair (6/6) D:8
 Shoals (3/4) Lair:2        Snake (0/4) Lair:4        Slime (0/5) Lair:6
    Orc (2/2) D:10            Elf (2/3) Orc:2        Vaults (0/5) D:14
 Depths (0/5) D:15         Bailey (visited)         Desolation (visited)

Altars:
Ashenzari
Cheibriados
Dithmenos
Elyvilon
Fedhas
Gozag
Hepliaklqana
Kikubaaqudgha
Makhleb
Nemelex Xobeh
Okawaru
Qazlal
Ru
Sif Muna
Trog
Uskayaw
Vehumet
Wu Jian
Xom
Yredelemnul
Zin
The Shining One
Beogh

Shops:
D:10 [?!}   D:11 !   Orc:1 (   Orc:2 (:*[   Elf:1 %?%(

Portals:
Trove: D:12 (show slimy rune of Zot)

Annotations:
D:12 6 runed translucent doors
Lair:6 3 runed translucent doors, fritzmikael's ghost, journeyman DrWr


Innate Abilities, Weirdness & Mutations

You have a pair of small antennae on your head.
You are agile. (Dex +2)
Your spells are a little harder to cast, but a little more powerful.


Message History

Splash!
You fall into the shallow water.
Moving in this stuff is going to be slow.
Casting: Sandblast (safe; 1% risk of failure)
Confirm with . or Enter, or press ? or * to list all spells.
Aiming: Iron Shot (safe; 1% risk of failure)
Press: ? - help, Shift-Dir - straight line, f/p - water nymph
Aim: a water nymph (moderately wounded)
Okay, then.
Casting: Iron Shot (safe; 1% risk of failure)
Confirm with . or Enter, or press ? or * to list all spells.
Okay, then.
Unknown command.
Unknown command.
The water nymph flows with the water.
You enter the shallow water.
Moving in this stuff is going to be slow.
The water nymph casts a spell at you. The water swirls and strikes you!!!
You die...

...
≈.....≈≈†≈≈≈..≈≈≈≈≈≈≈≈
...
....≈.≈≈≈≈≈....≈≈≈≈≈≈≈
...
...≈≈≈≈...÷##..≈[≈≈≈≈
... ≈
........≈.......≈≈≈≈≈ #
≈≈ ##...≈≈..........≈≈≈
≈≈.###...m##≈≈.≈....≈≈≈
≈≈≈...)≈[.##≈≈†.≈...≈≈≈
.≈≈≈.[)≈(.##≈≈≈.≈..≈≈≈≈
.≈≈≈≈≈≈≈.@##≈≈≈..≈≈≈≈≈≈
≈≈≈)≈≈≈≈.≈###≈..≈≈≈≈≈≈≈
≈≈≈≈≈≈≈≈..##≈≈≈≈≈≈≈≈≈≈≈
≈≈≈≈≈≈≈≈≈≈..≈≈≈≈≈≈≈≈≈≈≈
≈§≈≈≈≈...≈≈≈≈≈≈≈≈≈≈≈≈≈≈
§§)≈≈≈.#..≈≈≈≈≈≈≈≈≈≈≈≈≈
§§≈≈≈≈...≈≈≈≈≈≈≈≈≈≈≈≈≈≈
m§≈≈≈≈≈≈≈≈≈≈≈≈≈≈≈≈≈≈≈≈≈
≈≈≈≈≈≈≈≈≈≈≈≈≈≈≈≈≈≈≈≈


You could see a water nymph.

Vanquished Creatures
  Frances (D:12)
  Kirke (Lair:5)
  A deep elf sorcerer (Elf:1)
  2 angels (Elf:2)
  2 orc warlords
  Nessos (Lair:5)
  A deep elf demonologist (Elf:1)
  Azrael (D:12)
  Snorg (D:12)
  2 merfolk impalers
  A ragged hierophant (Desolation)
  2 merfolk javelineers
  A deep elf death mage (Elf:1)
  9 hydras
  A servant of whispers (Desolation)
  A peacekeeper (Desolation)
  A merfolk avatar (Shoals:2)
  A catoblepas (Lair:6)
  4 centaur warriors
  5 dancing weapons
  A death knight (D:13)
  An alligator snapping turtle (Shoals:3)
  3 two-headed ogres
  An ogre mage (D:14)
  A deep troll shaman (Lair:6)
  10 death yaks
  A merfolk aquamancer (Shoals:3)
  A shock serpent (Elf:1)
  The ghost of Winsalot the Thaumaturge, a novice DgCj (Lair:1)
  8 orc high priests (Orc:2)
  7 deep elf knights
  Sonja (Orc:1)
  Nergalle (D:12)
  8 skeletal warriors
  6 sea snakes
  A sixfirhy (Elf:1)
  4 unseen horrors
  10 deep elf archers
  A lindwurm (Lair:6)
  2 wizards (D:14)
  9 harpies (Shoals:2)
  An orc knight (Orc:1)
  4 cyclopes
  11 ugly things
  47 deep elf magi
  10 manticores
  5 orc sorcerers
  4 fauns
  5 oklob plants
  6 elephants (Lair:6)
  2 black mambas (Lair:2)
  A guardian serpent (Desolation)
  3 merfolk sirens
  4 water nymphs
  A torpor snail (Lair:6)
  2 molten gargoyles (Lair:3)
  8 spiny frogs
  5 rime drakes
  3 kobold demonologists
  A freezing wraith (D:13)
  4 komodo dragons
  7 yaktaurs
  An efreet (D:14)
  4 wind drakes
  A tengu conjurer (D:13)
  25 merfolk
  A hornet (D:6)
  2 polar bears (Lair:6)
  10 trolls
  13 saltlings
  8 slime creatures
  13 blink frogs
  4 raiju (Elf:1)
  15 hippogriffs
  A meliai zombie (D:12)
  A hippogriff (shapeshifter) (D:15)
  4 snapping turtles
  A shadow (D:12)
  A centaur simulacrum (D:15)
  3 vampires
  9 wraiths
  2 air elementals (Elf:1)
  Sigmund (D:2)
  6 wyverns
  6 water elementals
  6 fire bats (Lair:3)
  2 hogs (Lair:5)
  Grum (D:10)
  5 large abominations (D:14)
  41 yaks
  6 fire elementals
  2 basilisks
  5 vampire mosquitoes
  7 wargs
  A soldier ant (D:13)
  9 water moccasins
  4 hell hounds (D:12)
  A porcupine (Lair:4)
  2 black bears
  6 ice beasts
  35 orc warriors
  An eye of draining (D:13)
  6 phantoms
  16 ogres
  A necrophage (D:11)
  4 sky beasts
  22 centaurs
  7 small abominations (D:14)
  24 wolves
  15 crocodiles
  7 big kobolds
  18 bullfrogs
  2 elf skeletons (D:15)
  2 wyvern zombies
  2 earth elementals
  12 scorpions
  A wyvern skeleton (D:14)
  A troll zombie (D:15)
  14 killer bees
  6 electric eels
  8 wights
  2 bullfrog zombies
  3 centaur zombies
  10 crimson imps
  A lava snake (Lair:3)
  4 quasits
  9 centaur skeletons
  9 jellies
  4 water moccasin simulacra (Lair:1)
  6 hounds
  2 bullfrog skeletons
  2 human zombies (D:15)
  15 orc priests
  4 iguanas
  A gnoll shaman (D:9)
  3 human skeletons (D:15)
  24 orc wizards
  11 worker ants
  2 bullfrog simulacra (Lair:1)
  A porcupine simulacrum (Lair:1)
  3 hound skeletons
  A mummy (D:15)
  A worker ant zombie (D:6)
  Robin (D:2)
  9 gnolls
  15 adders
  A crocodile simulacrum (Lair:1)
  6 shadow imps
  2 oozes
  3 adder skeletons
  3 worms
  3 dart slugs
  6 leopard geckos
  84 orcs
  10 bats
  7 giant cockroaches
  20 goblins
  9 hobgoblins
  18 jackals
  5 quokkas
  6 ball pythons
  6 frilled lizards
  A jackal zombie (D:7)
  19 kobolds
  An orc zombie (D:15)
  6 rats
  4 fungi
  8 plants
1056 creatures vanquished.

Vanquished Creatures (others)
  A yaktaur captain (D:15)
  A cyclops (D:12)
  4 humans (Lair:5)
  A bullfrog (Lair:5)
  A bush (Lair:2)
  18 fungi
  13 plants
  6 toadstools (D:10)
45 creatures vanquished.

Grand Total: 1101 creatures vanquished

Notes
Turn   | Place    | Note
-------+----------+-------------------------------------------
     0 | D:1      | Ponchio the Deep Elf Earth Elementalist began the quest for
                  | the Orb.
     0 | D:1      | Reached XP level 1. HP: 10/10 MP: 6/6
   175 | D:1      | Reached XP level 2. HP: 15/15 MP: 1/8
   547 | D:1      | Reached XP level 3. HP: 18/19 MP: 6/10
   960 | D:2      | Noticed Robin
  1104 | D:2      | Killed Robin
  1115 | D:2      | Reached XP level 4. HP: 22/24 MP: 0/12
  1303 | D:2      | Noticed Sigmund
  1316 | D:2      | Killed Sigmund
  1316 | D:2      | Reached skill level 5 in Spellcasting
  1316 | D:2      | Reached XP level 5. HP: 28/28 MP: 8/14
  1651 | D:2      | Reached XP level 6. HP: 32/32 MP: 14/16
  1790 | D:2      | Learned a level 2 spell: Passwall
  1794 | D:2      | Learned a level 3 spell: Stone Arrow
  1799 | D:2      | Learned a level 4 spell: Petrify
  1805 | D:2      | Learned a level 5 spell: Lee's Rapid Deconstruction
  2821 | D:3      | Found a shadowy altar of Dithmenos.
  2828 | D:3      | Found a basalt altar of Yredelemnul.
  3615 | D:4      | Reached XP level 7. HP: 31/36 MP: 0/18
  3821 | D:4      | Found a shattered altar of Ashenzari.
  4371 | D:4      | Found a glowing golden altar of the Shining One.
  4571 | D:4      | Found a hazy altar of Hepliaklqana.
  4572 | D:4      | Found an opulent altar of Gozag.
  4609 | D:4      | Found a glowing silver altar of Zin.
  4665 | D:5      | Entered Level 5 of the Dungeon
  4903 | D:5      | Reached XP level 8. HP: 41/41 MP: 20/22
  5147 | D:5      | Found a staircase to the Ecumenical Temple.
  5308 | Temple   | Entered the Ecumenical Temple
  5417 | Temple   | Became a worshipper of Vehumet
  6571 | D:6      | Reached skill level 10 in Spellcasting
  6680 | D:6      | Noticed a hornet
  6683 | D:6      | Killed a hornet
  6683 | D:6      | Reached skill level 10 in Earth Magic
  6764 | D:6      | Reached XP level 9. HP: 17/45 MP: 10/25
  7338 | D:6      | Reached * piety under Vehumet
  7338 | D:6      | Offered knowledge of Flame Tongue by Vehumet.
  7363 | D:6      | Reached skill level 1 in Fighting
  7458 | D:6      | Found a snail-covered altar of Cheibriados.
  8547 | D:7      | Reached skill level 5 in Dodging
  8582 | D:7      | Got a scorched whip
  8683 | D:7      | Found an ornate altar of the Wu Jian Council.
  8683 | D:7      | You fall into a shaft and drop 3 floors!
  8683 | D:10     | Entered Level 10 of the Dungeon
  8744 | D:10     | Noticed Grum
  8748 | D:10     | Killed Grum
  8749 | D:10     | Reached ** piety under Vehumet
  8749 | D:10     | Offered knowledge of Sting by Vehumet.
  8749 | D:10     | Reached skill level 5 in Fighting
  8815 | D:10     | Found Kek Hean's Distillery.
  8860 | D:10     | Noticed a troll
  8910 | D:10     | Reached XP level 10. HP: 59/59 MP: 22/26
  9432 | D:8      | Offered knowledge of Throw Flame by Vehumet.
  9482 | D:8      | Reached *** piety under Vehumet
  9494 | D:8      | Noticed a two-headed ogre
  9503 | D:8      | Found a flagged portal.
  9515 | Bailey   | Entered a bailey
  9565 | Bailey   | Noticed a deep elf mage
  9568 | Bailey   | Killed a deep elf mage
  9579 | Bailey   | Noticed a deep elf mage
  9580 | Bailey   | Noticed a deep elf mage
  9580 | Bailey   | Noticed a deep elf mage
  9587 | Bailey   | Killed a deep elf mage
  9588 | Bailey   | Killed a deep elf mage
  9589 | Bailey   | Noticed a deep elf mage
  9592 | Bailey   | Noticed a deep elf mage
  9603 | Bailey   | Killed a deep elf mage
  9605 | Bailey   | Killed a deep elf mage
  9605 | Bailey   | Killed a deep elf mage
  9651 | Bailey   | Noticed a deep elf mage
  9655 | Bailey   | Killed a deep elf mage
  9745 | Bailey   | Noticed a deep elf knight
  9752 | Bailey   | Killed a deep elf knight
  9752 | Bailey   | Reached XP level 11. HP: 32/67 MP: 12/28
 10017 | Bailey   | Noticed a deep elf mage
 10017 | Bailey   | Noticed a deep elf mage
 10017 | Bailey   | Noticed a deep elf mage
 10021 | Bailey   | Killed a deep elf mage
 10021 | Bailey   | Killed a deep elf mage
 10022 | Bailey   | Killed a deep elf mage
 10490 | D:7      | Found an iron altar of Okawaru.
 10491 | D:7      | Offered knowledge of Force Lance by Vehumet.
 11030 | D:8      | Killed a two-headed ogre
 11240 | D:8      | Noticed a cyan ugly thing
 11252 | D:8      | Killed a cyan ugly thing
 11549 | D:8      | Found a staircase to the Lair.
 11900 | D:8      | Gained mutation: Your body sometimes deteriorates upon
                  | taking damage. [potion of mutation]
 11900 | D:8      | Gained mutation: You have a somewhat thin skeletal
                  | structure. (Dex +2, Stealth) [potion of mutation]
 11900 | D:8      | Gained mutation: Your magical capacity is low. (-10% MP)
                  | [potion of mutation]
 11900 | D:8      | Gained mutation: Your flesh is cold resistant. (rC+)
                  | [potion of mutation]
 11958 | D:10     | Reached **** piety under Vehumet
 12084 | D:10     | Bought a potion of mutation for 104 gold pieces
 12105 | D:9      | Lost mutation: Your flesh is cold resistant. (rC+) [potion
                  | of mutation]
 12105 | D:9      | Lost mutation: Your body sometimes deteriorates upon taking
                  | damage. [potion of mutation]
 12105 | D:9      | Lost mutation: Your magical capacity is low. (-10% MP)
                  | [potion of mutation]
 12105 | D:9      | Lost mutation: You have a somewhat thin skeletal structure.
                  | (Dex +2, Stealth) [potion of mutation]
 12105 | D:9      | Gained mutation: You have a pair of small antennae on your
                  | head. [potion of mutation]
 12105 | D:9      | Gained mutation: Your spells are a little harder to cast,
                  | but a little more powerful. [potion of mutation]
 12105 | D:9      | Gained mutation: You are agile. (Dex +2) [potion of
                  | mutation]
 12120 | D:10     | Offered knowledge of Yara's Violent Unravelling by Vehumet.
 12199 | D:10     | Found a roughly hewn altar of Beogh.
 12214 | D:10     | Found a staircase to the Orcish Mines.
 12450 | D:10     | Found Sufreig's Magic Scroll Shoppe.
 12455 | D:10     | Bought a scroll of remove curse for 39 gold pieces
 12455 | D:10     | Bought a scroll of remove curse for 39 gold pieces
 12455 | D:10     | Identified the +6 whip "Backscratcher" {pain, rF- rC+++ MR-
                  | Dex+6} (You found it on level 7 of the Dungeon)
 12580 | D:10     | Found Leobrydo's Armour Boutique.
 12821 | D:10     | Found Bavoloschomn's Gadget Boutique.
 13735 | Lair:1   | Entered Level 1 of the Lair of Beasts
 13752 | Lair:1   | Reached ***** piety under Vehumet
 13758 | Lair:1   | Reached XP level 12. HP: 72/72 MP: 32/32
 14046 | Lair:1   | Noticed Winsalot's ghost (novice DgCj)
 14175 | Lair:1   | Found a runed translucent gate.
 14175 | Lair:1   | Found a runed translucent gate.
 14175 | Lair:1   | Found a runed translucent gate.
 14206 | Lair:1   | Offered knowledge of Bolt of Magma by Vehumet.
 14689 | Lair:1   | Killed Winsalot's ghost
 14693 | Lair:1   | Reached skill level 15 in Spellcasting
 15182 | Lair:2   | Identified the Tome of Earthen Transformation
 15195 | Lair:2   | Learned a level 6 spell: Iron Shot
 15307 | Lair:2   | Found a staircase to the Shoals.
 15521 | Lair:2   | Noticed a seven-headed hydra
 15524 | Lair:2   | Reached skill level 1 in Conjurations
 15526 | Lair:2   | Killed a seven-headed hydra
 15805 | Lair:2   | Noticed a death yak
 15805 | Lair:2   | Noticed a death yak
 15806 | Lair:2   | Noticed a death yak
 15806 | Lair:2   | Noticed a death yak
 15820 | Lair:2   | Killed a death yak
 15826 | Lair:2   | Noticed a death yak
 15826 | Lair:2   | Killed a death yak
 15829 | Lair:2   | Noticed a death yak
 15869 | Lair:1   | Killed a death yak
 16695 | Lair:2   | Killed a death yak
 16730 | Lair:2   | Killed a death yak
 17019 | Lair:2   | Killed a death yak
 17280 | Lair:3   | Reached XP level 13. HP: 76/76 MP: 35/35
 17918 | Lair:3   | Reached skill level 5 in Conjurations
 17999 | Lair:3   | Offered knowledge of Conjure Ball Lightning by Vehumet.
 18542 | Lair:3   | Identified Sif Muna's Volume of Good Luck and Cold
 19047 | Lair:4   | Found a staircase to the Snake Pit.
 19160 | Lair:4   | Reached skill level 15 in Earth Magic
 19243 | Lair:4   | Reached skill level 10 in Dodging
 19821 | Lair:5   | Noticed Nessos
 19823 | Lair:5   | Killed Nessos
 20054 | Lair:5   | Noticed Kirke
 20062 | Lair:5   | Killed Kirke
 21070 | Lair:6   | Entered Level 6 of the Lair of Beasts
 21151 | Lair:6   | Found a staircase to the Slime Pits.
 21155 | Lair:6   | Reached XP level 14. HP: 82/82 MP: 34/37
 21279 | Lair:6   | Noticed fritzmikael's ghost (journeyman DrWr)
 21283 | Lair:6   | Found a runed translucent gate.
 21283 | Lair:6   | Found a runed translucent gate.
 21283 | Lair:6   | Found a runed translucent gate.
 21518 | Lair:6   | Offered knowledge of Fireball by Vehumet.
 21674 | Lair:6   | Learned a level 5 spell: Fireball
 21765 | Lair:6   | Reached skill level 1 in Fire Magic
 22498 | Lair:6   | Reached skill level 5 in Fire Magic
 22824 | Lair:6   | Got a transparent buckler
 22843 | Lair:6   | Identified the cursed +0 buckler of Death Resistance {-Cast
                  | rElec Dex+5} (You found it on level 6 of the Lair of
                  | Beasts)
 23117 | Orc:1    | Entered Level 1 of the Orcish Mines
 23139 | Orc:1    | Noticed Sonja
 23144 | Orc:1    | Killed Sonja
 23668 | Orc:1    | Found Rintug's Antique Weapon Shoppe.
 23777 | Orc:2    | Entered Level 2 of the Orcish Mines
 23777 | Orc:2    | Found Miageyl's Book Shoppe.
 23777 | Orc:2    | Noticed an orc warlord
 23901 | Orc:1    | Killed an orc warlord
 25380 | Orc:2    | Found Semeel's Antique Weapon Boutique.
 25548 | Orc:2    | Noticed an orc warlord
 25558 | Orc:2    | Killed an orc warlord
 25920 | Orc:2    | Found Boih's General Store.
 26207 | Orc:2    | Offered knowledge of Irradiate by Vehumet.
 26456 | Orc:2    | Found Felad's Antique Armour Emporium.
 26739 | Orc:2    | Found a staircase to the Elven Halls.
 26814 | Elf:1    | Entered Level 1 of the Elven Halls
 26864 | Elf:1    | Reached XP level 15. HP: 60/86 MP: 33/38
 26872 | Elf:1    | Reached skill level 10 in Fire Magic
 27079 | Elf:1    | Found the +8 arc blade {discharge, rElec}
 27271 | Elf:1    | Reached skill level 10 in Conjurations
 27666 | Elf:1    | Found Vykusuaf's Magic Scroll Emporium.
 28041 | Elf:1    | Found Meammeg's Food Boutique.
 28079 | Elf:1    | Found Edekiol's Food Emporium.
 28086 | Elf:1    | Noticed a deep elf sorcerer
 28088 | Elf:1    | Killed a deep elf sorcerer
 28349 | Elf:1    | Found Irorouh's Antique Weapon Emporium.
 28491 | Elf:1    | Identified Ytatuaq's Reference Book on Supportive Combat
                  | Magic
 28683 | Elf:2    | Found a glowing silver altar of Zin.
 28683 | Elf:2    | Found a white marble altar of Elyvilon.
 28692 | Elf:2    | Found a glowing golden altar of the Shining One.
 28692 | Elf:2    | Found a ruined gateway.
 28862 | Desolati | Entered the Desolation of Salt
 29271 | Elf:2    | Reached XP level 16. HP: 43/92 MP: 33/40
 29532 | Orc:2    | Bought a book of the Earth for 910 gold pieces
 29542 | Orc:2    | Learned a level 9 spell: Shatter
 29757 | D:11     | Reached ****** piety under Vehumet
 29768 | D:11     | Offered knowledge of Ozocubu's Refrigeration by Vehumet.
 30093 | D:11     | Found Sustroyrgh's Distillery.
 30096 | D:11     | Bought a potion of haste for 100 gold pieces
 30096 | D:11     | Bought a potion of magic for 80 gold pieces
 30096 | D:11     | Bought a potion of haste for 100 gold pieces
 30185 | D:12     | Noticed Frances
 30190 | D:12     | Killed Frances
 30277 | D:12     | Found a portal to a secret trove of treasure.
 30444 | D:12     | Noticed Snorg
 30448 | D:12     | Killed Snorg
 31008 | D:12     | Found a runed translucent gate.
 31008 | D:12     | Found a runed translucent gate.
 31008 | D:12     | Found a runed translucent gate.
 31024 | D:12     | Noticed a storm dragon
 31025 | D:12     | Found a runed translucent gate.
 31025 | D:12     | Found a runed translucent gate.
 31025 | D:12     | Found a runed translucent gate.
 31143 | D:12     | Noticed Azrael
 31470 | D:12     | Noticed Nergalle
 31472 | D:12     | Killed Nergalle
 31731 | D:12     | Killed Azrael
 32323 | D:13     | Found a sparkling altar of Nemelex Xobeh.
 32754 | D:13     | Offered knowledge of Freezing Cloud by Vehumet.
 33173 | D:13     | Learned a level 6 spell: Freezing Cloud
 34373 | D:14     | Offered knowledge of Poison Arrow by Vehumet.
 34386 | D:14     | Found a gate to the Vaults.
 34519 | D:14     | Identified a scroll of acquirement
 34520 | D:14     | Got a pair of translucent boots
 34526 | D:14     | Identified the +0 pair of boots "Diemat" {rPois} (You
                  | acquired it on level 14 of the Dungeon)
 35194 | D:15     | Entered Level 15 of the Dungeon
 35250 | D:15     | Found a shadowy altar of Dithmenos.
 35864 | D:15     | Found a basalt altar of Yredelemnul.
 36175 | D:15     | Reached XP level 17. HP: 93/96 MP: 42/42
 36185 | D:15     | Found a staircase to the Depths.
 36498 | Shoals:1 | Entered Level 1 of the Shoals
 36722 | Shoals:1 | Offered knowledge of Lehudib's Crystal Spear by Vehumet.
 36722 | Shoals:1 | Offered knowledge of Glaciate by Vehumet.
 36722 | Shoals:1 | Offered knowledge of Chain Lightning by Vehumet.
 36735 | Shoals:1 | Learned a level 8 spell: Lehudib's Crystal Spear
 39347 | Shoals:3 | Killed from afar by a water nymph

Levels and vault maps discovered:
D:1:      nicolae_arrival_memento_mori, layout_loops_ring
D:2:      layout_loops_ring, uniq_robin, uniq_sigmund
D:3:      layout_basic, amethyst_overflow_temple_binary
D:4:      layout_basic, nicolae_overflow_crystal_walls,
          cheibrodos_ashenzari_chains, zin_statuary,
          gammafunk_temple_overflow_pools, first_ration
D:5:      layout_basic, minmay_temple_entry_sparse_star
D:6:      layout_basic, nicolae_overflow_hidden_temple
D:7:      layout_basic, lemuel_doored_altar, grunt_ogre_cave,
          okawaru_metal_pillars_3
D:8:      layout_gridville, dpeg_oklobed_lair, enter_bailey_3
D:9:      layout_irregular_city
D:10:     layout_loops_ring, david_orc_5, serial_shops,
          nicolae_shop_window_shopping, kennysheep_little_box, shop_coins,
          nicolae_shop_stone, minmay_gold_behind_fungi,
          minmay_chambers_of_fives, uniq_grum
D:11:     layout_cave_pools, serial_shops, nicolae_shop_behind_doors,
          skrybe_limestone_x
D:12:     kennysheep_treasure_stockpile, layout_basic,
          nicolae_trove_entry_columns, uniq_frances, uniq_azrael, uniq_nergalle,
          uniq_snorg
D:13:     layout_long_grid, basic_altar, serial_rivers,
          chequers_serial_rivers_small_a, chequers_serial_rivers_large_a,
          chequers_serial_rivers_micro_b, chequers_serial_rivers_micro_d,
          nzn_random_ring
D:14:     layout_long_grid, hangedman_vaults_entry_quadrant_bands, laboratory
D:15:     grunt_enter_depths_snipers, layout_long_grid, minmay_misc_feat_alley,
          basic_altar, lemuel_mausoleum_altar_yredelemnul
Temple:   oiseaux_autumnal_temple
Lair:1:   layout_regular_city, gammafunk_ghost_icy, grunt_forest_stairs_basic
Lair:2:   layout_roguey, minmay_shoals_entry_lonely_mermaid,
          nicolae_quartered_pool_medium, guppyfry_lair_drakes
Lair:3:   layout_chaotic_city, minmay_lair_oklob_chamber
Lair:4:   layout_cave_pods, dummy_snake_entry
Lair:5:   layout_misc_corridors, grunt_megastairs_2, lemuel_fruit_tree,
          lemuel_fruit_fields, uniq_kirke, uniq_nessos
Lair:6:   grunt_lair_end_beastmaster, layout_regular_city,
          minmay_slime_entry_pillars, gammafunk_ghost_split
Shoals:1: layout_shoals
Shoals:2: layout_shoals, nicolae_shoals_seven_spires
Shoals:3: layout_shoals
Orc:1:    layout_caves, serial_shops, nicolae_shop_waterfront, uniq_sonja
Orc:2:    grunt_orc_gardens, layout_caves, grunt_orc_garden, grunt_orc_garden,
          grunt_orc_garden, grunt_orc_garden
Elf:1:    minmay_shoctagon, layout_onion_city, serial_shops, nicolae_shop_trees,
          nicolae_shop_statue_plus, shop, shop, minmay_elf_sorcery
Elf:2:    layout_onion_city, portal_desolation_entry_holy_temple,
          nicolae_elf_big_sculpture_3

Skill      XL: |  1  2  3  4  5  6  7  8  9 10 11 12 13 14 15 16 17 |
---------------+----------------------------------------------------+-----
Earth Magic    | 4 6 7 8 10 11 13 14 15 16 19 20 | 20.3
Spellcasting   | 4 5 6 8 10 11 14 16 17 18 19 20 | 20.9
Fighting       | 5 7 |  7.4
Dodging        | 6 8 11 | 11.1
Conjurations   | 4 5 9 11 | 11.8
Fire Magic     | 9 10 | 10.2
Stealth        | |  2.4
Transmutations | |  1.1

Action                   |  1- 3 |  4- 6 |  7- 9 | 10-12 | 13-15 | 16-18 || total
-------------------------+-------+-------+-------+-------+-------+-------++-------
Melee: Dagger            |    29 |    17 |     7 |       |       |       ||    53
       Staff             |       |       |       |     3 |     1 |     1 ||     5
Throw: Stone             |       |       |       |     1 |       |       ||     1
 Cast: Sandblast         |    54 |    32 |    52 |   116 |   154 |    88 ||   496
       Stone Arrow       |       |    51 |    98 |   132 |    87 |    78 ||   446
       Lee's Rapid Decon |       |       |    20 |    81 |   138 |   116 ||   355
       Iron Shot         |       |       |       |    16 |   111 |    96 ||   223
       Fireball          |       |       |       |       |    83 |   150 ||   233
       Lehudib's Crystal |       |       |       |       |       |     1 ||     1
Evoke: Wand              |       |       |       |     1 |       |       ||     1
  Use: Scroll            |     6 |     7 |     5 |    10 |     8 |     3 ||    39
       Potion            |       |       |       |     4 |     4 |     3 ||    11
 Stab: Sleeping          |     5 |       |       |     1 |       |       ||     6
  Eat: Chunk             |       |     8 |    14 |    29 |    30 |    22 ||   103
       Ration            |       |       |     2 |     1 |     5 |     3 ||    11
Armor: Robe              |     7 |    13 |     5 |     8 |    10 |     6 ||    49
Dodge: Dodged            |    34 |    35 |    24 |    74 |   154 |    68 ||   389
Block: Other             |       |       |       |     5 |    20 |    12 ||    37
       Reflection        |       |       |       |       |     1 |     3 ||     4
